 Dungeon Crawl Stone Soup version 0.25.1-2-g60ff931df9 (webtiles) character file.

Game seed: 10236644487597758047

121 H0rd4k the Magician (level 4, -4/24 HPs)
             Began as a Deep Elf Wizard on Oct 14, 2020.
             Shot with a stone by a goblin (7 damage)
             ... on level 3 of the Dungeon.
             The game lasted 00:04:37 (3157 turns).

H0rd4k the Magician (Deep Elf Wizard)               Turns: 3157, Time: 00:04:37

Health: -4/24      AC:  2    Str:  4    XL:     4   Next: 76%
Magic:  5/14       EV: 13    Int: 24    God:
Gold:   122        SH:  0    Dex: 13    Spells: 6/15 levels left

rFire    . . .     SeeInvis .   (no weapon)
rCold    . . .     Gourm    .   (no shield)
rNeg     . . .     Faith    .   k - +0 robe (curse)
rPois    .         Spirit   .   b - +0 hat
rElec    .         Reflect  .   (no cloak)
rCorr    .         Harm     .   (no gloves)
MR       .....                  (no boots)
Stlth    ++........             (no amulet)
HPRegen  0.08/turn              (no ring)
MPRegen  0.14/turn              (no ring)

@: no status effects
A: no striking features
a: no special abilities


You were on level 3 of the Dungeon.
You were near starving.

You visited 1 branch of the dungeon, and saw 3 of its levels.

You collected 122 gold pieces.

Inventory:

Hand Weapons
 h - a +0 dagger of holy wrath
Missiles
 l - 4 silver boomerangs (quivered)
Armour
 a - a +0 robe
 b - a +0 hat (worn)
 k - a cursed +0 robe (worn)
Scrolls
 e - 6 scrolls of teleportation {unknown}
 f - a scroll of remove curse {unknown}
 j - a scroll of random uselessness {unknown}
 n - a scroll of identify {unknown}
 o - a scroll of amnesia {unknown}
Potions
 c - a potion of stabbing {unknown}
 g - 3 potions of curing {unknown}
 i - a potion of heal wounds {unknown}
 m - a potion of resistance {unknown}
Comestibles
 d - 3 rations


   Skills:
 + Level 2.8 Dodging
 + Level 2.7 Stealth
 + Level 6.1 Spellcasting
 + Level 2.0 Conjurations
   Level 1.1 Summonings
 + Level 1.1 Translocations
 * Level 1.3 Fire Magic
 * Level 0.7 Air Magic
 * Level 1.3 Poison Magic


You had 6 spell levels left.
You knew the following spells:

 Your Spells              Type           Power        Failure   Level  Hunger
a - Magic Dart            Conj           ###.         3%          1    None
b - Blink                 Tloc           N/A          8%          2    None
c - Conjure Flame         Conj/Fire      ###.....     12%         3    #......
d - Mephitic Cloud        Conj/Pois/Air  ##......     14%         3    #......

Your spell library contained the following spells:

 Spells                   Type           Power        Failure   Level  Hunger
 Call Imp                 Summ           ##......     8%          2    None
 Slow                     Hex            #.......     12%         2    None


Dungeon Overview and Level Annotations

Branches:
Dungeon (3/15)

Altars:


Message History

The magic dart hits the orc but does no damage.
The orc is moderately wounded.
The orc hits you with a cursed -3 war axe!
* * * LOW HITPOINT WARNING * * *
Sorry, you're not good enough to have a special ability.
Casting: Magic Dart (safe; 3% risk of failure)
Confirm with . or Enter, or press ? or * to list all spells.
Aiming: Magic Dart (safe; 3% risk of failure)
Press: ? - help, Shift-Dir - straight line, f/p - orc
Aim: an orc, wielding a -3 war axe and wearing a +0 leather armour (moderately wounded)
Okay, then.
The goblin shoots a stone.
The stone closely misses you.
You see here a stone.
You are near starving!
There is an open door here.
You aren't carrying any items that you can evoke.
Unknown command.
The goblin shoots a stone.
The stone misses you.
The goblin shoots a stone.
The stone hits you!
You die...

#>.............#
#.############.## ##'#####
######..# #+# #####
#......###.....#.###.# #...#
#......'.+.....'....<. #.#.#
#......###.....#..#...
#.#.########.>....# #.....##.#.#.
#.#............(..##########...#.
#.#####..#######@....# ##....
#........# #.....# #.(.)
######...#### #o....# #..<.
#......# #.....# #..#.
#.#.##.####.....# #....
#.#.#.....'.....##########..
#.#.#######....g##..g.r)....
#.#.....# #....r'(...#####..
#.#####.# #.....#..#.# #..


You could see an orc, a goblin and a rat.

Vanquished Creatures
  4 gnolls (D:2)
  2 adders (D:2)
  5 worms
  2 dart slugs (D:1)
  2 orcs (D:3)
  3 giant cockroaches
  5 goblins (D:1)
  6 hobgoblins
  A ball python (D:1)
  4 bats
  A frilled lizard (D:1)
  8 kobolds
  10 rats
53 creatures vanquished.

Notes
Turn   | Place    | Note
-------+----------+-------------------------------------------
     0 | D:1      | H0rd4k the Deep Elf Wizard began the quest for the Orb.
     0 | D:1      | Reached XP level 1. HP: 10/10 MP: 7/7
   358 | D:1      | Reached XP level 2. HP: 15/15 MP: 6/9
   454 | D:1      | Reached skill level 5 in Spellcasting
   870 | D:1      | Reached XP level 3. HP: 19/19 MP: 8/11
  1579 | D:2      | Learned a level 2 spell: Blink
  1583 | D:2      | Learned a level 3 spell: Conjure Flame
  1588 | D:2      | Learned a level 3 spell: Mephitic Cloud
  2005 | D:2      | Reached skill level 1 in Poison Magic
  2005 | D:2      | Reached XP level 4. HP: 24/24 MP: 1/13
  2250 | D:2      | Reached skill level 1 in Fire Magic
  2672 | D:3      | Reached skill level 6 in Spellcasting
  3157 | D:3      | Shot with a stone by a goblin

Illustrated notes

Levels and vault maps discovered:
D:1:      nicolae_arrival_washed_ashore, layout_basic
D:2:      layout_basic, minmay_domino_4
D:3:      minmay_recursive_quarters, layout_basic, first_ration, uniq_grinder

Skill      XL: |  1  2  3  4 |
---------------+-------------+-----
Spellcasting   | 5 6 |  6.1
Poison Magic   | 1 |  1.3
Conjurations   | 2 |  2.0
Fire Magic     | 1 |  1.3
Dodging        | |  2.8
Stealth        | |  2.7
Summonings     | |  1.1
Translocations | |  1.1
Air Magic      | |  0.7

Action                   |  1- 3 |  4- 6 || total
-------------------------+-------+-------++-------
 Cast: Magic Dart        |   108 |    66 ||   174
       Mephitic Cloud    |     1 |       ||     1
  Eat: Chunk             |     3 |     2 ||     5
Armor: Robe              |     2 |     2 ||     4
Dodge: Dodged            |    17 |    17 ||    34
